 Dungeon Crawl Stone Soup version 0.30-b1-2-g02819fbbbe (webtiles) character file.

Game seed: 13632281371043925694

83093 Arcadio the Warrior (level 15, -14/154 HPs)
             Began as a Green Draconian Berserker on May 8, 2023.
             Was a High Priest of Trog.
             Demolished by an orc knight
             ... wielding a +0 battleaxe
              (38 damage)
             ... on level 2 of the Orcish Mines.
             The game lasted 01:44:05 (32780 turns).

Arcadio the Warrior (Green Draconian Berserker)    Turns: 32780, Time: 01:44:06

Health: -14/154    AC: 14    Str: 31    XL:     15   Next: 31%
Magic:  15/15      EV: 34    Int:  8    God:    Trog [*****.]
Gold:   2310       SH:  4    Dex: 12    Spells: 14/14 levels left

rFire   . . .        q - +5 broad axe (venom)
rCold   . . .        a - +0 buckler
rNeg    . . .        (body armour unavailable)
rPois   +            (helmet restricted)
rElec   .            v - +1 cloak {rPois}
rCorr   .            C - +0 pair of gloves
SInv    +            e - +1 pair of boots
Will    +....        o - amulet of the acrobat
Stlth   +            L - ring of see invisible
HPRegen 0.45/turn    w - +6 ring of strength
MPRegen 0.14/turn

%: acrobat
@: on berserk cooldown, acrobatic, slowed, very slow
A: breathe noxious fumes, AC +9, unfitting armour, stinger 1, poison resistance,
cold-blooded
a: Breathe Noxious Fumes, Renounce Religion, Berserk, Trog's Hand, Brothers in
Arms


You were on level 2 of the Orcish Mines.
You worshipped Trog.
Trog was extremely pleased with you.
You visited 4 branches of the dungeon, and saw 20 of its levels.
You also visited: Sewer.

You collected 2310 gold pieces.

Inventory:

Hand Weapons
 q - a +5 broad axe of venom (weapon)
 V - a +4 executioner's axe of flaming
Armour
 a - a +0 buckler (worn)
 e - a +1 pair of boots (worn)
 v - a +1 cloak of poison resistance (worn)
 C - a +0 pair of gloves (worn)
Jewellery
 o - an amulet of the acrobat (around neck)
 w - a +6 ring of strength (right hand)
 y - a ring of positive energy
 L - a ring of see invisible (left hand)
 W - an amulet of reflection
Wands
 d - a wand of acid (24)
 j - a wand of charming (7)
 k - a wand of roots (20)
 F - a wand of digging (10)
 M - a wand of mindburst (8)
 R - a wand of flame (1)
Scrolls
 b - a scroll of fear
 m - 2 scrolls of immolation
 n - a scroll of amnesia {unknown}
 p - 3 scrolls of vulnerability
 r - a scroll of identify
 s - 2 scrolls of summoning
 u - 3 scrolls of brand weapon
 E - 4 scrolls of fog
 G - a scroll of poison
 J - a scroll of enchant armour {unknown}
 N - a scroll of teleportation
Potions
 c - 6 potions of flight
 f - a potion of heal wounds
 g - 2 potions of cancellation {unknown}
 h - 4 potions of curing
 i - 5 potions of haste
 l - 3 potions of lignification
 z - 3 potions of mutation
 A - a potion of might
 K - 2 potions of attraction {unknown}
 P - 2 potions of brilliance {unknown}
 T - 3 potions of invisibility {unknown}
 U - a potion of resistance {unknown}
Miscellaneous
 I - a phial of floods
 O - a phantom mirror (inert)
 S - a lightning rod (4/4)


   Skills:
 + Level 19.6 Fighting
 - Level 3.4 Long Blades
 + Level 14.1 Axes
 + Level 16.9 Dodging
 + Level 3.3 Shields
 - Level 6.4 Evocations


You had 14 spell levels left.
You didn't know any spells.
Your spell library was empty.

Dungeon Overview and Level Annotations

Branches:
Dungeon (12/15) Zot: 25926  Temple (1/1) D:7 Zot: 5976    Lair (5/5) D:9 Zot: 17120
  Swamp (0/4) Lair:3       Spider (0/4) Lair:3        Slime (0/5) Lair:5
    Orc (2/2) D:12 Zot: 11191     Elf (0/3) Orc:2         Sewer (visited)

Altars:
Ashenzari
Cheibriados
Dithmenos
Elyvilon
Fedhas
Gozag
Hepliaklqana
Kikubaaqudgha
Makhleb
Nemelex Xobeh
Okawaru
Qazlal
Ru
Sif Muna
Trog
Vehumet
Wu Jian
Xom
Yredelemnul
Zin
The Shining One

Shops:
D:1 =   D:9 (   Orc:2 (:

Portals:
Trove: D:10 (give 2 scrolls of acquirement)
Volcano: Orc:1

Annotations:
D:10 exclusion: statue
Temple 4 transporters
Lair:3 1 exclusion


Innate Abilities, Weirdness & Mutations

You can breathe blasts of noxious fumes.
Your lurid green scales are hard. (AC +9)
You cannot fit into any form of body armour.
Your tail ends in a venomous barb.
Your system is resistant to poisons. (rPois)
You are cold-blooded and may be slowed by cold attacks.


Message History

The orc knight unwields a +0 long sword.
The orc knight wields a +0 arbalest.
The orc knight shoots a bolt.
The bolt hits you! The orc knight barely misses you.
The orc knight hits you with a +0 broad axe!
The orc barely misses you. The orc sorcerer barely misses you.
The orc knight closely misses you.
You miss the orc sorcerer.
The orc sorcerer is moderately wounded.
You slice the orc knight!! You hit the orc.
You hit the orc knight but do no damage.
You closely miss the orc knight.
You kill the orc!
Trog accepts your kill.
The orc knight no longer looks unusually strong.
You cut the orc sorcerer into ribbons!!!
You kill the orc sorcerer!
Trog accepts your kill.
Trog appreciates your killing of a magic user.
You slash the orc knight!
The orc knight looks as sick as possible!
You slash the orc knight!
The orc knight looks as sick as possible!
You completely miss the orc knight.
The orc knight looks more healthy.
The orc knight hits you with a +0 dire flail!
You block the orc knight's attack.
The orc knight roars a battlecry!
The orc knight goes into a battle-frenzy!
The orc knight hits you from afar with a +0 bardiche!
* * * LOW HITPOINT WARNING * * *
The orc sings a few bars from the Orcish anthem.
You feel a strong urge to attack something.
The orc knight no longer looks unusually strong. x2
The orc knight roars a battlecry!
The orc knights go into a battle-frenzy!
You are no longer berserk.
You are exhausted.
You feel yourself slow down. The orc knight misses you.
The orc knight attacks as you move away!
The orc knight hits you with a +0 battleaxe!!!
You die...

....... #.....)..## ### .....#.##
##.#.....)#####.## ....#...##
##......#.##....#
........$#####......#.......##
.∩....)...#)#...........#.###
..........)))#...#+#.......##
.........)oo)$..⌠# #⌠.......##
..........o).#.### ###.......#
$.....<.o...o@.+ +.#.#..##
...#........o..### ###..#...#
.....#..........⌠# #⌠......##
.................#+#........#
$....................#....#
...............[.........#.#...#
..............................##
...........#.#................##
.............................#.##


You could see 5 orc knights and an orc (strong).

Vanquished Creatures
  Fannar (D:12)
  Erolcha (D:9)
  3 ogre magi
  2 catoblepae (Lair:5)
  5 hydras
  Erica (D:8)
  5 two-headed ogres
  4 boulder beetles
  8 death yaks
  A tengu warrior (D:10)
  An orc high priest (Orc:2)
  3 sun demons (D:10)
  A shadow wraith (D:11)
  A sixfirhy (D:10)
  6 skysharks
  3 fire crabs
  2 bog bodies (Lair:3)
  A lindwurm (Lair:5)
  Pikel (D:7)
  2 orc knights
  4 manticores
  3 orc sorcerers
  3 elephants
  3 cyclopes
  11 black mambas
  Joseph (D:7)
  Maurice (D:8)
  10 cane toads
  A torpor snail (Lair:5)
  2 gargoyles
  4 rime drakes
  5 komodo dragons
  A kobold demonologist (D:10)
  3 ice devils
  15 polar bears
  6 trolls
  A polar bear (shapeshifter) (D:12)
  A meliai (D:11)
  12 hornets (D:12)
  4 raiju (Lair:5)
  5 dream sheep
  15 blink frogs
  A vampire (D:7)
  3 shadows
  6 slime creatures (D:10)
  4 wraiths
  2 wyverns
  12 basilisks
  46 yaks
  Eustachio (D:6)
  A steam dragon (D:8)
  3 vampire mosquitoes (D:9)
  Menkaure (D:6)
  5 wargs
  12 water moccasins
  3 acid dragons
  13 hell hounds (Lair:5)
  13 black bears
  12 orc warriors
  2 ice beasts (D:9)
  4 ogres
  34 wolves
  A phantom (D:4)
  6 centaurs
  4 lemures
  7 kobold brigands
  13 bullfrogs
  A gnoll sergeant (D:9)
  3 wights (D:9)
  22 killer bees
  6 electric eels
  7 howler monkeys
  3 jellies
  12 orc priests
  2 hounds
  A gnoll bouda (D:5)
  A hell rat (Lair:5)
  2 iguanas
  3 sleepcaps
  17 orc wizards
  9 gnolls
  13 adders
  5 river rats
  A shadow imp (D:6)
  A white imp (D:6)
  2 ufetubi (D:5)
  4 worms (D:12)
  A dart slug (D:3)
  77 orcs
  5 bats
  5 endoplasms
  3 giant cockroaches
  7 goblins
  5 hobgoblins
  12 jackals
  4 quokkas
  9 ball pythons
  7 frilled lizards
  33 kobolds
  15 rats
670 creatures vanquished.

Vanquished Creatures (collateral kills)
  A hydra (Lair:5)
  A rime drake (Lair:5)
2 creatures vanquished.

Vanquished Creatures (others)
  A demonic plant (D:11)
  46 fungi
  85 plants
132 creatures vanquished.

Grand Total: 804 creatures vanquished

Notes
Turn   | Place    | Note
-------+----------+-------------------------------------------
     0 | D:1      | Arcadio the Draconian Berserker began the quest for the
                  | Orb.
     0 | D:1      | Reached XP level 1. HP: 19/19 MP: 1/1
    65 | D:1      | Found a faded altar of an unknown god.
   146 | D:1      | Found Zyfot's Jewellery Boutique.
   307 | D:1      | Reached XP level 2. HP: 20/26 MP: 2/2
  1223 | D:2      | Reached XP level 3. HP: 33/33 MP: 3/3
  1370 | D:2      | Reached skill level 4 in Fighting
  1515 | D:2      | Reached ** piety under Trog
  1924 | D:3      | Reached XP level 4. HP: 39/40 MP: 4/4
  2120 | D:3      | Found a glowing silver altar of Zin.
  2508 | D:4      | Reached XP level 5. HP: 40/47 MP: 5/5
  2510 | D:4      | Reached skill level 5 in Fighting
  2516 | D:4      | HP: 2/48 [sleepcap (10)]
  2655 | D:4      | Noticed a phantom
  3228 | D:4      | Reached XP level 6. HP: 31/56 MP: 6/6
  3237 | D:4      | Reached skill level 6 in Fighting
  3237 | D:4      | Reached skill level 5 in Dodging
  3858 | D:5      | Entered Level 5 of the Dungeon
  4018 | D:5      | Your scales start taking on a lurid green colour.
  4018 | D:5      | Reached XP level 7. HP: 43/64 MP: 7/7
  4018 | D:5      | Gained mutation: Your system is resistant to poisons.
                  | (rPois) [Green Draconian growth]
  4067 | D:5      | Found a glowing drain.
  4093 | Sewer    | Entered a sewer
  4109 | Sewer    | Reached *** piety under Trog
  4542 | Sewer    | Reached skill level 7 in Fighting
  4826 | D:5      | Noticed a wraith
  5065 | D:5      | Reached XP level 8. HP: 66/74 MP: 8/8
  5360 | D:5      | Reached skill level 8 in Fighting
  5426 | D:6      | Noticed Eustachio
  5442 | D:6      | Noticed Menkaure
  5535 | D:6      | Found a bloodstained altar of Trog.
  5852 | D:6      | Killed Eustachio
  5914 | D:6      | Reached skill level 9 in Fighting
  6167 | D:6      | You fall into a shaft and drop 3 floors!
  6167 | D:9      | Found an iron altar of Okawaru.
  6297 | D:9      | Found Jaajib's Weapon Shoppe.
  6326 | D:9      | Reached XP level 9. HP: 73/84 MP: 9/9
  6341 | D:9      | Reached **** piety under Trog
  6342 | D:9      | Reached skill level 1 in Axes
  6465 | D:9      | Noticed a polar bear
  6465 | D:9      | Noticed Erolcha
  6863 | D:8      | Reached skill level 10 in Fighting
  6965 | D:7      | Noticed Joseph
  6984 | D:7      | Killed Joseph
  7340 | D:7      | Noticed Pikel
  7378 | D:6      | Killed Menkaure
  8344 | D:7      | Killed Pikel
  8345 | D:7      | Reached XP level 10. HP: 94/94 MP: 10/10
  8491 | D:7      | Reached skill level 11 in Fighting
  8491 | D:7      | Reached skill level 5 in Axes
  9238 | D:7      | Found a staircase to the Ecumenical Temple.
  9246 | Temple   | Entered the Ecumenical Temple
  9246 | Temple   | Found a transporter.
  9246 | Temple   | Found a transporter.
  9248 | Temple   | Found a transporter.
  9248 | Temple   | Found a transporter.
  9764 | D:7      | Identified the +7 rapier of Accidental Termination {heavy,
                  | rN+ Will+}
  9814 | D:7      | Noticed a gargoyle
  9827 | D:7      | Killed a gargoyle
 10223 | D:8      | Noticed Maurice
 10417 | D:8      | Killed Maurice
 10714 | D:8      | Found a stormy altar of Qazlal.
 11036 | D:8      | Reached skill level 10 in Dodging
 11072 | D:8      | Found a shimmering blue altar of Sif Muna.
 11140 | D:8      | Noticed Erica
 11147 | D:8      | Killed Erica
 11148 | D:8      | Reached skill level 12 in Fighting
 11921 | D:9      | Killed Erolcha
 11922 | D:9      | Reached XP level 11. HP: 105/105 MP: 11/11
 11996 | D:9      | Found a staircase to the Lair.
 12225 | D:9      | Found a shadowy altar of Dithmenos.
 12449 | Lair:1   | Entered Level 1 of the Lair of Beasts
 14104 | Lair:1   | Reached skill level 13 in Fighting
 15111 | Lair:2   | Noticed a skyshark
 15158 | Lair:2   | Identified a scroll of acquirement
 15762 | Lair:2   | Noticed a five-headed hydra
 15762 | Lair:2   | Noticed a death yak
 15805 | Lair:2   | Killed a skyshark
 16012 | Lair:2   | Acquired a +3 broad axe of venom
 16017 | Lair:2   | Acquired a manual of Dodging
 16033 | Lair:2   | Reached XP level 12. HP: 114/116 MP: 12/12
 16088 | Lair:2   | Noticed a five-headed hydra
 16106 | Lair:2   | Acquired a manual of Fighting
 16108 | Lair:2   | Noticed an eight-headed hydra
 16205 | Lair:2   | Killed a death yak
 16504 | Lair:2   | Reached skill level 14 in Fighting
 16855 | Lair:2   | HP: 8/177 [11-headed hydra (6)]
 16869 | Lair:2   | Killed an 11-headed hydra
 17148 | Lair:2   | HP: 5/118 [ice devil (16)]
 17544 | Lair:3   | Reached skill level 10 in Axes
 17805 | Lair:3   | Reached skill level 15 in Fighting
 18160 | Lair:3   | Found a staircase to the Swamp.
 18571 | Lair:3   | Found a runed translucent door.
 18603 | Lair:3   | Found a hole to the Spider Nest.
 19803 | Lair:4   | Reached skill level 16 in Fighting
 19915 | Lair:4   | Reached XP level 13. HP: 105/129 MP: 13/13
 20692 | Lair:4   | Identified the +12 spear of Turmoil {freeze, Dex+5 SInv
                  | Stlth-}
 20930 | Lair:4   | Reached skill level 17 in Fighting
 21446 | Lair:5   | Entered Level 5 of the Lair of Beasts
 22012 | Lair:4   | Reached skill level 15 in Dodging
 22410 | Lair:5   | Found a staircase to the Slime Pits.
 22554 | Lair:5   | Reached skill level 18 in Fighting
 23256 | Lair:5   | Reached skill level 1 in Evocations
 23262 | Lair:5   | Reached ***** piety under Trog
 23551 | Lair:5   | Gained mutation: Your tail ends in a venomous barb. [Green
                  | Draconian growth]
 23551 | Lair:5   | Reached XP level 14. HP: 130/144 MP: 14/14
 24130 | Lair:5   | Received a gift from Trog
 24458 | Lair:5   | Identified the +0 dagger "Qugo" {heavy, *Rage rPois MP+9
                  | Str+3}
 26577 | D:10     | Entered Level 10 of the Dungeon
 26820 | D:10     | Found a portal to a secret trove of treasure.
 26826 | D:10     | Reached skill level 19 in Fighting
 27296 | D:10     | Found a large runed translucent door.
 27296 | D:10     | Found a large runed translucent door.
 27575 | D:10     | Found a radiant altar of Vehumet.
 27831 | D:10     | Found a white marble altar of Elyvilon.
 27868 | D:10     | Found a blossoming altar of Fedhas.
 28534 | D:10     | Reached skill level 5 in Evocations
 30235 | D:11     | Reached skill level 1 in Shields
 30240 | D:11     | Identified the +4 falchion of Gloom {heavy, rN+ MP+9}
 30908 | D:12     | Found a staircase to the Orcish Mines.
 30941 | D:12     | Reached XP level 15. HP: 152/152 MP: 15/15
 30972 | D:12     | Noticed Fannar
 30983 | D:12     | Killed Fannar
 31845 | D:12     | Paralysed by a hornet for 2 turns
 31965 | Orc:1    | Entered Level 1 of the Orcish Mines
 32024 | Orc:1    | You fall into a shaft and drop 1 floor!
 32024 | Orc:2    | Entered Level 2 of the Orcish Mines
 32296 | Orc:1    | Found a dark tunnel.
 32522 | Orc:2    | Paralysed by an orc sorcerer for 4 turns
 32666 | Orc:2    | Found Hiruequof's Book Shoppe.
 32741 | Orc:2    | Found a staircase to the Elven Halls.
 32742 | Orc:2    | Found Igosous Mie's Weapon Boutique.
 32763 | Orc:2    | Received a gift from Trog
 32780 | Orc:2    | Demolished by an orc knight

Illustrated notes

Levels and vault maps discovered:
D:1:      ncdulo_watergridlock, layout_basic, serial_shops,
          nicolae_shop_crystal, dreamdust_ecumenical_altar_grove,
          nrook_campfire, kennysheep_minor_cross, columned_hall_lemuel,
          chequers_serial_rivers_small_3, chequers_arboretum
D:2:      layout_basic, hangedman_decor_clover_reticule
D:3:      layout_basic, zin_statuary
D:4:      layout_loops_cross
D:5:      layout_gridville, portal_sewer_entry_a, lightli_corner_chamber
D:6:      layout_basic, trog_three_pillars_becter,
          nicolae_kite_square_tiling_tiny, st_stairs_14, glass_columns_a,
          chequers_big_river, uniq_eustachio, uniq_menkaure
D:7:      layout_gridville, minmay_temple_entry_wispy, minmay_splitting_lines,
          wad_mini_maze, uniq_joseph, uniq_pikel
D:8:      layout_basic, nicolae_overflow_crystal_walls,
          mainiacjoe_overflow_surrounded_room, uniq_erica, uniq_maurice
D:9:      layout_basic, nicolae_dithmenos_through_a_glass_darkly,
          mainiacjoe_overflow_concentric_impassable, hellmonk_lair_entry_icy,
          serial_shops, shop, kennysheep_nondescript, uniq_erolcha
D:10:     layout_long_grid, vehumet_statue, jmf_multi_god_temple2, enter_trove_2
D:11:     minmay_the_grid_square_5x5_4x4_mashed
          [minmay_the_grid_square_5x5_inner_v, minmay_the_grid_square_5x5_c,
          minmay_the_grid_square_5x5_tri_point,
          minmay_the_grid_square_5x5_checkered,
          minmay_the_grid_square_5x5_checkered_sparse,
          minmay_the_grid_square_5x5_prize_gold,
          minmay_the_grid_square_5x5_prize_open,
          minmay_the_grid_square_5x5_broken_cross,
          minmay_the_grid_square_5x5_minimal,
          minmay_the_grid_square_5x5_prize_deathbox,
          minmay_the_grid_square_5x5_prize_pseudospiral,
          minmay_the_grid_square_5x5_bite, minmay_the_grid_square_5x5_fat_x,
          minmay_the_grid_square_5x5_empty, minmay_the_grid_square_5x5_inset,
          minmay_the_grid_square_5x5_trominoes], layout_cave_pools,
          serial_demonic, serial_demonic_d, serial_demonic_f, serial_demonic_a,
          serial_demonic_a, chequers_serial_rivers_micro_e,
          hellmonk_bongcloud_opening
D:12:     layout_irregular_city, david_orc_3, hive_lemuel, uniq_fannar
Temple:   hellmonk_temple_divided_pantheon
Lair:1:   layout_misc_corridors, serial_bayou_pond_d
Lair:2:   layout_loops_ring, portal_ice_cave_demonic_guard,
          minmay_shattered_shrine
Lair:3:   gammafunk_mikee_crab_dinner, layout_gridlike,
          skrybe_swamp_entry_bodies, nicolae_spider_entry_orb_guardian,
          infiniplex_staircase_pool
Lair:4:   layout_loops_ring, infiniplex_staircase_pool_2, grunt_megastairs_1,
          lemuel_fruit_tree
Lair:5:   hangedman_lair_in_review, layout_cave_shapes,
          hangedman_lair_caniforms_friends, nicolae_slime_entry_slimehenge,
          chequers_serial_rivers_room_b, serial_bayou_pond_c
Orc:1:    layout_caves, nicolae_volcano_entry_s_turn
Orc:2:    st_orc_elflike, layout_caves, serial_shops,
          nicolae_shop_real_fake_doors, shop, shop, shop_statue,
          guppyfry_orc_lava_fort

Skill      XL: |  1  2  3  4  5  6  7  8  9 10 11 12 13 14 15 |
---------------+----------------------------------------------+-----
Dodging        | 3 4 5 6 8 9 10 11 13 15 16 | 16.9
Fighting       | 4 5 6 7 9 10 12 13 16 18 19 | 19.6
Axes           | 4 7 9 11 12 13 14 | 14.1
Evocations     | 1 5 6 |  6.4
Shields        | 1 3 |  3.3
Long Blades    | |  3.4

Action                     |  1- 3 |  4- 6 |  7- 9 | 10-12 | 13-15 || total
---------------------------+-------+-------+-------+-------+-------++-------
  Melee: Falchion          |    73 |       |       |       |       ||    73
         Punch             |     2 |     2 |     3 |     5 |     9 ||    21
         Tailslap          |    14 |    27 |    56 |    83 |   163 ||   343
         Flail             |    69 |    29 |       |       |       ||    98
         Hand axe          |       |   172 |       |       |       ||   172
         War axe           |       |    20 |   377 |    78 |       ||   475
         Battleaxe         |       |       |       |   302 |       ||   302
         Broad axe         |       |       |       |   217 |   843 ||  1060
         Executioner's axe |       |       |       |       |    10 ||    10
 Invoke: Berserk           |       |     4 |     8 |    12 |    15 ||    39
         Trog's Hand       |       |     3 |     2 |     1 |     3 ||     9
Ability: Breathe Noxious F |       |       |     6 |     6 |     6 ||    18
  Evoke: Wand              |       |       |       |     5 |     3 ||     8
         Phial of floods   |       |       |       |     1 |     1 ||     2
         Phantom mirror    |       |       |       |       |     3 ||     3
    Use: Scroll            |     2 |     1 |     6 |    21 |     8 ||    38
         Potion            |       |     2 |     2 |     5 |     7 ||    16
   Stab: Sleeping          |     3 |       |       |       |       ||     3
         Confused          |       |       |     1 |     3 |     6 ||    10
 Armour: Skin              |    64 |    93 |   214 |   304 |   258 ||   933
  Dodge: Dodged            |   108 |   223 |   456 |   742 |   913 ||  2442
  Block: Buckler           |       |       |       |       |    39 ||    39
